 Dungeon Crawl Stone Soup version 0.18-a0-1643-gb89d9db (webtiles) character file.

285 Oddball22 the Insei (level 5, -2/45 HPs)
             Began as a Demigod Transmuter on Mar 28, 2016.
             Slain by Robin
             ... wielding a +0 club
              (7 damage)
             ... on level 3 of the Dungeon.
             The game lasted 00:11:14 (4300 turns).

Oddball22 the Insei (Demigod Transmuter)            Turns: 4300, Time: 00:11:14

Health: -2/45      AC:  4    Str: 21    XL:     5   Next: 79%
Magic:  10/10      EV: 14    Int: 17    God:
Gold:   204        SH:  0    Dex: 18    Spells: 3 memorised, 1 level left

rFire  . . .     SeeInvis .     n - +7 club
rCold  . . .     Gourm    .     b - +0 robe
rNeg   . . .     Faith    .     (no shield)
rPois  .         Spirit   .     (no helmet)
rElec  .         Dismiss  .     (no cloak)
rCorr  .         Reflect  .     h - +1 pair of gloves {Str+3}
SustAt +         Harm     .     (boots currently unavailable)
MR     .....                    (no amulet)
Stlth  ++........               (no ring)
                                k - ring of flight

@: mighty, appendage (expiring), not resistant to hostile enchantments,
unstealthy
A: talons 3, high mp 1, sustain attributes
a: End Transformation, Evoke Flight


You were on level 3 of the Dungeon.
You were not hungry.
You had grown temporary talons.
You visited 1 branch of the dungeon, and saw 4 of its levels.

You collected 204 gold pieces.

Inventory:

Hand Weapons
 n - a +7 club (weapon)
Missiles
 a - 56 arrows
 l - 51 bolts
Armour
 b - a +0 robe (worn)
 h - a +1 pair of gloves of strength (worn)
Jewellery
 k - a ring of flight (left hand)
Scrolls
 f - a scroll of teleportation {unknown}
 g - 3 scrolls of identify
 q - a scroll of random uselessness {unknown}
 r - a scroll of immolation {unknown}
 u - a scroll of remove curse {unknown}
 w - a scroll of amnesia {unknown}
Potions
 e - a potion of might
 i - a potion of cure mutation {unknown}
 m - a potion of heal wounds {unknown}
 o - a potion of berserk rage {unknown}
 s - a potion of invisibility {unknown}
 t - a potion of curing {unknown}
 v - a potion of cancellation {unknown}
Books
 c - a book of Changes

   Spells                             Type                      Level
   a - Beastly Appendage              Transmutation                1
   b - Sticks to Snakes               Transmutation                2
   c - Spider Form                    Transmutation/Poison         3
   d - Ice Form                       Ice/Transmutation            4
   e - Blade Hands                    Transmutation                5
Comestibles
 d - 4 bread rations
 j - 2 meat rations
 p - 3 chunks of flesh


   Skills:
 - Level 3.3 Fighting
 + Level 3.3 Dodging
 - Level 4.0 Unarmed Combat
 - Level 1.7 Spellcasting
 + Level 2.0 Transmutations
 + Level 0.8 Poison Magic


You had one spell level left.
You knew the following spells:

 Your Spells              Type           Power        Failure   Level  Hunger
a - Beastly Appendage     Trmt           #.....       12%         1    #......
b - Sticks to Snakes      Trmt           #.......     17%         2    ###....
c - Spider Form           Trmt/Pois      #.........   38%         3    ###....


Dungeon Overview and Level Annotations

Branches:
Dungeon (4/15)
 Temple: D:4-7

Annotations:
D:3 Robin


Innate Abilities, Weirdness & Mutations

You have an increased reservoir of magic (+10% MP).
Your attributes are resistant to harm.
You have claws for feet.


Message History

Robin hits you with a club.
* * * LOW HITPOINT WARNING * * *
The goblin barely misses you. The hobgoblin misses you.
The hobgoblin hits you with a club.
* * * LOW HITPOINT WARNING * * *
The goblin barely misses you. x2; Robin hits you with a club.
* * * LOW HITPOINT WARNING * * *
You are too injured to fight recklessly!
You hit Robin.
Robin is almost dead.
The hobgoblin barely misses you. The hobgoblin closely misses you.
The goblin barely misses you. The goblin hits you.
* * * LOW HITPOINT WARNING * * *
Robin closely misses you. The hobgoblin misses you.
Drink which item? (? for menu, Esc to quit)
It was a potion of might.
You feel very mighty all of a sudden. The hobgoblin misses you.
The goblin closely misses you. x2
Robin hits you with a club!
You die...

#............ #............
#............ #............
#............ .......
#............ ........
#....b................
#...ggg...............
#....@)...............
#....gg...............
#.....................
##.....................
#......................
#......................
#......................
##.....................
######.....................


You could see Robin, 2 hobgoblins, 2 goblins and a bat.

Vanquished Creatures
  An orc wizard (D:3)
  A giant frog skeleton (D:3)
  Jessica (D:2)
  2 gnolls (D:3)
  6 adders
  2 oozes
  4 worms (D:2)
  3 dart slugs (D:1)
  2 giant geckos
  5 orcs (D:3)
  A ball python (D:1)
  7 bats
  4 giant cockroaches
  19 goblins
  11 hobgoblins
  11 kobolds
  A quokka (D:2)
  3 giant newts
  7 rats
91 creatures vanquished.

Notes
Turn   | Place    | Note
--------------------------------------------------------------
     0 | D:1      | Oddball22 the Demigod Transmuter began the quest for the Orb.
     0 | D:1      | Reached XP level 1. HP: 15/15 MP: 5/5
    29 | D:1      | Reached skill level 1 in Fighting
   210 | D:1      | Reached XP level 2. HP: 23/23 MP: 7/7
   276 | D:1      | Reached skill level 3 in Unarmed Combat
   823 | D:1      | Reached XP level 3. HP: 29/29 MP: 8/8
  2202 | D:2      | Noticed Jessica
  2207 | D:2      | Learned a level 2 spell: Sticks to Snakes
  2331 | D:2      | Killed Jessica
  2331 | D:2      | Reached XP level 4. HP: 23/36 MP: 6/9
  2336 | D:2      | Learned a level 3 spell: Spider Form
  3144 | D:2      | Found a white marble altar of Elyvilon.
  3144 | D:2      | Found a blossoming altar of Fedhas.
  3397 | D:3      | Found an oddly glowing altar of Pakellas.
  3465 | D:3      | Reached XP level 5. HP: 24/45 MP: 10/10
  3932 | D:3      | Reached skill level 4 in Unarmed Combat
  4278 | D:3      | Noticed Robin
  4300 | D:3      | Slain by Robin

Vault maps used:
D:1:      saegor_arrival_simple_f, minivault_5, fountainhead, minmay_surrounded
D:2:      gammafunk_temple_overflow_wave, first_bread, kennysheep_jessica_study
D:3:      johnstein_pakellas_death_squad, uniq_robin
D:4:      lemuel_coloured_pillars_altar, nicolae_ossuary_entry_catacombs,
          kennysheep_nub

Skill      XL: |  1  2  3  4  5 |
---------------+----------------+-----
Fighting       | 1 2 3 |  3.3
Dodging        | 2 3 |  3.3
Unarmed Combat | 3 4 |  4.0
Transmutations | 2 |  2.0
Spellcasting   | |  1.7
Poison Magic   | |  0.8

Action                   |  1- 3 |  4- 6 || total
-------------------------+-------+-------++-------
Melee: Unarmed           |   176 |       ||   176
       Club              |       |   141 ||   141
 Cast: Beastly Appendage |     3 |     1 ||     4
  Use: Scroll            |       |     1 ||     1
       Potion            |       |     1 ||     1
 Stab: Sleeping          |     1 |     1 ||     2
       Distracted        |     1 |       ||     1
  Eat: Chunk             |     4 |     7 ||    11
